[Event "Team 45 45 League T28"]
[Site "Internet Chess Club"]
[Date "2005.09.24"]
[Round "2"]
[White "Kingofknights"]
[Black "tourettes"]
[Result "0-1"]
[WhiteElo "1680"]
[BlackElo "1842"]
[TimeControl "2700+45"]

1. d4 Nf6 2. c4 e6 3. Nc3 Bb4 4. e3 c5 5. Bd3 Bxc3+ 6. bxc3 Qa5 7. Ne2 O-O 8.
O-O Qc7 9. e4 d6 10. Ng3 b6 11. f4 e5 12. fxe5 dxe5 13. d5 a6 14. Bg5 Ne8 15.
Nf5 f6 16. Be3 Nd6 17. Qe1 Nxf5 18. exf5 Qe7 19. Be4 Qd6 20. Rb1 Bd7 21. Qg3 Ra7
22. Rb2 Be8 23. Rfb1 Rb7 24. Qf2 Nd7 25. a4 Rc7 26. g4 g5 27. fxg6 Bxg6 28. Bf5
Bxf5 29. gxf5 Kh8 30. Qh4 Rg8+ 31. Kh1 Rb7 32. a5 b5 33. Qe4 b4 34. cxb4 cxb4
35. Rg1 Rxg1+ 36. Kxg1 Nc5 37. Qg2 Rg7 38. Qxg7+ Kxg7 39. Rxb4 Ne4 40. Rb7+ Kg8
41. Rb3 Qc7 42. c5 Qxa5 43. Rb8+ Kf7 44. Rb7+ Ke8 45. Rb8+ Kd7 46. c6+ Kd6 47.
Rd8+ Qxd8 {White resigns} 0-1

[Event "Team 45 45 League T28"]
[Site "Internet Chess Club"]
[Date "2005.09.27"]
[Round "2"]
[White "kingfischer57"]
[Black "DaveTheRook"]
[Result "1/2-1/2"]
[WhiteElo "1813"]
[BlackElo "1696"]
[TimeControl "2700+45"]

1. d4 Nf6 2. c4 g6 3. Nc3 Bg7 4. e4 d6 5. g3 O-O 6. Bg2 c6 7. Nge2 Nbd7 8. O-O
e5 9. f4 exd4 10. Qxd4 Qb6 11. Qxb6 Nxb6 12. b3 Bg4 13. Rb1 Rfe8 14. Re1 Bxe2
15. Rxe2 Nxe4 16. Nxe4 d5 17. Bb2 dxe4 18. Bxg7 Kxg7 19. Rbe1 f5 20. g4 Rad8 21.
Kf2 Rd3 22. gxf5 gxf5 23. Rg1 Kf7 24. Rge1 a5 25. Re3 Rxe3 26. Kxe3 Rd8 27. Re2
Rd3+ 28. Kf2 Nd7 29. Ke1 Nc5 30. Rd2 Rxd2 31. Kxd2 Ne6 32. Ke3 Kf6 33. Bf1 c5
34. Be2 Kg6 35. Bd1 Nd4 36. Kf2 Ne6 37. Ke3 Nd4 38. Kf2 Ne6 39. Ke3 {Game drawn
by repetition} 1/2-1/2

[Event "Team 45 45 League T28"]
[Site "Internet Chess Club"]
[Date "2005.09.21"]
[Round "2"]
[White "az2112"]
[Black "crankn8tr"]
[Result "0-1"]
[WhiteElo "1674"]
[BlackElo "1592"]
[TimeControl "2700+45"]

1. d4 Nf6 2. c4 g6 3. Nc3 Bg7 4. e4 d6 5. f3 O-O 6. Be3 Na6 7. Qd2 c5 8. d5 Re8
9. Bh6 Bh8 10. g4 e6 11. O-O-O Qa5 12. Bd3 Nb4 13. Bb1 exd5 14. exd5 Bd7 15. h4
b5 16. h5 bxc4 17. hxg6 Nd3+ 18. Bxd3 cxd3 19. g7 Re5 20. gxh8=Q+ Kxh8 21. Qxd3
c4 22. Qc2 Rb8 23. g5 Nxd5 24. Bf8 Bf5 25. Qd2 Nxc3 26. Qxc3 Qxc3+ 27. bxc3 Rxf8
28. Rxd6 Re1+ 29. Rd1 Re3 30. Rd4 Rxc3+ 31. Kb2 Rc2+ 32. Ka3 Rc1 33. Kb2 Rc2+
34. Ka3 Rb8 35. Rhh4 Bd3 36. Rd7 Rc3+ 37. Ka4 Bc2+ 38. Ka5 Ra3# {White
checkmated} 0-1

[Event "Team 45 45 League T28"]
[Site "Internet Chess Club"]
[Date "2005.09.23"]
[Round "2"]
[White "Bort"]
[Black "gule"]
[Result "1-0"]
[WhiteElo "1950"]
[BlackElo "1883"]
[TimeControl "2700+45"]

1. d4 Nf6 2. c4 e5 3. dxe5 Ng4 4. Nf3 Bc5 5. e3 Nc6 6. Be2 Ngxe5 7. Nc3 a5 8.
O-O Nxf3+ 9. Bxf3 Ne5 10. Be2 O-O 11. Ne4 Ba7 12. Kh1 d6 13. f4 Nc6 14. Ng3 Re8
15. e4 Nd4 16. Bd3 f5 17. exf5 Rf8 18. Qh5 Qe8 19. Qg5 Qf7 20. Bd2 Nxf5 21. Bc3
Nxg3+ 22. Qxg3 Kh8 23. f5 Kg8 24. Rae1 Bd7 25. f6 Rae8 26. fxg7 Rxe1 27. gxf8=Q+
Kxf8 28. Qxe1 {Black resigns} 1-0

[Event "Team 45 45 League T28"]
[Site "Internet Chess Club"]
[Date "2005.09.23"]
[Round "2"]
[White "Poet-Laureate"]
[Black "buzzard"]
[Result "1-0"]
[WhiteElo "1783"]
[BlackElo "1747"]
[TimeControl "2700+45"]

1. e4 c5 2. Nf3 Nc6 3. Bc4 e6 4. Nc3 a6 5. a3 Nf6 6. O-O b5 7. Ba2 Bd6 8. d4
cxd4 9. Nxd4 Bb7 10. Re1 Be5 11. Nxc6 Bxc6 12. Bg5 Qc7 13. h3 Bxc3 14. bxc3 Nxe4
15. Qg4 Nxg5 16. Qxg5 O-O 17. c4 bxc4 18. Bxc4 Bxg2 19. Bd3 Bb7 20. Re3 Qd8 21.
Qh5 h6 22. Rg3 Qf6 23. Rf1 a5 24. Re1 Rfc8 25. f3 {Black got disconnected and
forfeits} 1-0

[Event "Team 45 45 League T28"]
[Site "Internet Chess Club"]
[Date "2005.09.24"]
[Round "2"]
[White "ApakohKrieger"]
[Black "EquesQuartus"]
[Result "1-0"]
[WhiteElo "1764"]
[BlackElo "1602"]
[TimeControl "2700+45"]

1. d4 Nf6 2. Bg5 e6 3. e4 h6 4. Bxf6 Qxf6 5. c4 Bb4+ 6. Nc3 c5 7. Nf3 Nc6 8. e5
Qd8 9. a3 cxd4 10. axb4 dxc3 11. bxc3 Qc7 12. Qd6 Qxd6 13. exd6 b6 14. Nd4 Nxd4
15. cxd4 Bb7 16. f3 O-O 17. Bd3 a5 18. bxa5 bxa5 19. O-O Ba6 20. Rfc1 Bb7 21.
Ra3 Bc6 22. Rca1 a4 23. Be4 Rfd8 24. Bxc6 dxc6 25. c5 Rdb8 26. Rxa4 {Black
resigns} 1-0

[Event "Team 45 45 League T28"]
[Site "Internet Chess Club"]
[Date "2005.09.24"]
[Round "2"]
[White "Kickflip89"]
[Black "jimgrange"]
[Result "0-1"]
[WhiteElo "1606"]
[BlackElo "1715"]
[TimeControl "2700+45"]

1. Nf3 Nf6 2. g3 d5 3. Bg2 c6 4. d3 Bf5 5. O-O h6 6. Nbd2 Nbd7 7. Re1 e5 8. Nh4
Bh7 9. e4 dxe4 10. Nxe4 Nxe4 11. Bxe4 Bxe4 12. Rxe4 Qc7 13. Qe2 O-O-O 14. Bd2
Bc5 15. Bc3 Bd6 16. Nf5 f6 17. Nxg7 Nc5 18. Qg4+ Kb8 19. Ne6 Nxe6 20. Qxe6 Qb6
21. Qb3 Qc7 22. a4 f5 23. Re2 f4 24. Rae1 Rde8 25. gxf4 Qg7+ 26. Kh1 Qg4 27.
Bxe5 Qf3+ 28. Kg1 Rhg8+ 29. Kf1 Qg2# {White checkmated} 0-1

[Event "Team 45 45 League T28"]
[Site "Internet Chess Club"]
[Date "2005.09.23"]
[Round "2"]
[White "Traho"]
[Black "fuzzface"]
[Result "1-0"]
[WhiteElo "1396"]
[BlackElo "1412"]
[TimeControl "2700+45"]

1. e4 e5 2. Nf3 d6 3. d4 Bg4 4. Be2 exd4 5. Nxd4 Bxe2 6. Qxe2 Qf6 7. Nf5 Ne7 8.
Ng3 Ng6 9. Qb5+ Nd7 10. Qf5 Nh4 11. Qxf6 Nxg2+ 12. Kf1 Nxf6 13. Kxg2 O-O-O 14.
Bg5 h6 15. Bxf6 gxf6 16. Re1 Rg8 17. Kh1 d5 18. Rd1 Bc5 19. Kg2 c6 20. exd5 h5
21. Kf1 h4 22. Ne4 Be7 23. h3 cxd5 24. Ned2 f5 25. Nf3 Bf6 26. c3 Kc7 27. Na3 a6
28. Nc2 Rg7 29. Ne3 d4 30. Nxd4 Bxd4 31. cxd4 Rdg8 32. Ke2 f4 33. Nd5+ Kd6 34.
Nxf4 Re8+ 35. Kd3 Rg5 36. Re1 Rc8 37. Rac1 Rcg8 38. Ne2 R8g6 39. Rg1 Rg2 40.
Rxg2 Rxg2 41. Ke3 f5 42. Kf3 Rh2 43. Nf4 b6 44. Rg1 a5 45. Rc1 a4 46. b3 axb3
47. axb3 b5 48. b4 Ke7 49. d5 Kd7 50. Rc5 Rh1 51. Rxb5 Rb1 52. Rb7+ Kd6 53. b5
Rb3+ 54. Kg2 Ke5 55. Ng6+ Kxd5 56. Nxh4 Ke4 57. Rb6 Kf4 58. f3 Rb2+ 59. Kf1 Rh2
60. Rf6 Kg3 61. Nxf5+ Kxf3 62. Nd4+ Ke4 63. Rd6 Rxh3 64. b6 Rh1+ 65. Ke2 Rh2+
66. Kd1 Rh1+ 67. Kc2 Rh2+ 68. Kc3 Rh3+ 69. Kc4 Rh7 70. Kc5 Ke5 71. Nc6+ Ke4 72.
Kb5 Rh1 73. b7 Rb1+ 74. Ka6 Ra1+ 75. Kb6 Rb1+ 76. Kc7 Rxb7+ 77. Kxb7 Kf5 78. Kc7
{Black resigns} 1-0

[Event "Team 45 45 League T28"]
[Site "Internet Chess Club"]
[Date "2005.09.23"]
[Round "2"]
[White "Willymty"]
[Black "klt713"]
[Result "0-1"]
[WhiteElo "1282"]
[BlackElo "1223"]
[TimeControl "2700+45"]

1. e4 c5 2. d4 e6 3. Nf3 d6 4. Nc3 a6 5. Bc4 b5 6. Be2 Bb7 7. d5 Be7 8. a3 Nf6
9. Qd3 c4 10. Qd1 O-O 11. dxe6 fxe6 12. e5 Nd5 13. Nd4 Nxc3 14. bxc3 Bd5 15. Bf3
Qd7 16. Bxd5 exd5 17. Nf3 dxe5 18. Nxe5 Qe6 19. f4 Bc5 20. Qe2 Nd7 21. Nxd7 Qxd7
22. Be3 Bxe3 23. Rf1 Rae8 24. g3 Bd2+ 25. Kxd2 Rxe2+ 26. Kxe2 Re8+ 27. Kf2 h6
28. Rad1 Qg4 29. Rd2 Qd7 30. Rfd1 Qf7 31. Rxd5 Qe7 32. Re5 Qa7+ 33. Kg2 Rxe5 34.
fxe5 Qb7+ 35. Kh3 Qe4 36. Rd8+ Kh7 37. Re8 Qxc2 38. e6 Qe4 39. e7 Kg6 40. Ra8
Qxa8 {White resigns} 0-1  Avedldesierto(345):  sorry

[Event "Team 45 45 League T28"]
[Site "Internet Chess Club"]
[Date "2005.09.23"]
[Round "2"]
[White "ffplayer"]
[Black "littleboo"]
[Result "1-0"]
[WhiteElo "1155"]
[BlackElo "1176"]
[TimeControl "2700+45"]

1. d4 d5 2. c4 dxc4 3. Nc3 Nf6 4. Nf3 Nc6 5. Bg5 Nd5 6. Bd2 Nxc3 7. Bxc3 e6 8.
e3 b5 9. Be2 Bb4 10. Rc1 O-O 11. a3 Bd6 12. O-O e5 13. dxe5 Nxe5 14. Bxe5 Bxe5
15. Qxd8 Rxd8 16. Nxe5 Rd2 17. Bf3 Rb8 18. Rfd1 Rxb2 19. Rd8# {Black checkmated}
1-0

[Event "Team 45 45 League T28"]
[Site "Internet Chess Club"]
[Date "2005.09.24"]
[Round "2"]
[White "chesskix"]
[Black "Ferdyrojo"]
[Result "0-1"]
[WhiteElo "1417"]
[BlackElo "1311"]
[TimeControl "2700+45"]

1. c4 Nf6 2. d4 g6 3. g3 Bg7 4. Nf3 d6 5. Bg2 O-O 6. O-O Re8 7. Nc3 c6 8. Bf4
Nh5 9. e3 Nxf4 10. exf4 Nd7 11. Rc1 e5 12. dxe5 dxe5 13. fxe5 Nxe5 14. Nxe5 Bxe5
15. Qb3 Rb8 16. Rcd1 Qc7 17. Rfe1 Bf5 18. Ne4 b6 19. h3 Rbd8 20. Qa3 c5 21. b3
Bg7 22. Qc1 Bd4 23. Qg5 Kg7 24. h4 h6 25. Qc1 Bxe4 26. Rxe4 Rxe4 27. Bxe4 Qxg3+
28. Bg2 Bxf2+ 29. Kf1 Bd4 30. Qc2 Re8 31. h5 Qf4+ {White resigns} 0-1

[Event "Team 45 45 League T28"]
[Site "Internet Chess Club"]
[Date "2005.09.25"]
[Round "2"]
[White "Mississippian"]
[Black "gatoruss"]
[Result "1-0"]
[WhiteElo "1421"]
[BlackElo "1279"]
[TimeControl "2700+45"]

1. e4 c5 2. Nf3 d6 3. d4 cxd4 4. Nxd4 Nf6 5. Nc3 g6 6. Bc4 Bg7 7. Be3 O-O 8. Qd2
Re8 9. Bh6 Bh8 10. h4 Ng4 11. O-O-O Nxh6 12. Qxh6 Bg7 13. Qe3 h5 14. Kb1 Qb6 15.
Ndb5 Qc6 16. Bd5 Qd7 17. g4 Bxc3 18. Nxc3 Qxg4 19. Rdg1 Qd7 20. Rxg6+ Kf8 21.
Qh6# {Black checkmated} 1-0  isolani(71): Avedldesierto ¿cuál es el nombre de
tu equipo de 45 45?

[Event "Team 45 45 League T28"]
[Site "Internet Chess Club"]
[Date "2005.09.25"]
[Round "2"]
[White "cwberkey"]
[Black "swcoll"]
[Result "1-0"]
[WhiteElo "1370"]
[BlackElo "847"]
[TimeControl "2700+45"]

1. e4 d6 2. d4 Nf6 3. Nc3 g6 4. Nf3 Bg7 5. Be2 O-O 6. O-O Re8 7. e5 Nbd7 8. exf6
Nxf6 9. Bd3 b6 10. Ne4 e6 11. Nxf6+ Qxf6 12. c3 Bb7 13. Re1 Qe7 14. Be4 c6 15.
b4 Qd7 16. Re3 Rac8 17. Bc2 f5 18. Qe1 c5 19. Bb3 Qc6 20. Bxe6+ Kh8 21. Bxc8 Be5
22. dxe5 Rxc8 23. exd6 Rd8 24. bxc5 bxc5 25. Re6 Rg8 26. Bg5 h5 27. Bf6+ Kh7 28.
Re7+ Kh6 29. Bg5# {Black checkmated} 1-0

[Event "Team 45 45 League T28"]
[Site "Internet Chess Club"]
[Date "2005.09.24"]
[Round "2"]
[White "Joyoyo"]
[Black "bondguy01"]
[Result "1-0"]
[WhiteElo "1704"]
[BlackElo "1591"]
[TimeControl "2700+45"]

1. e4 c5 2. Nf3 d6 3. d4 cxd4 4. Nxd4 Nf6 5. Nc3 a6 6. Be3 Ng4 7. Bc1 Nf6 8. Be3
Ng4 9. Bc1 Nf6 10. f3 e5 11. Nb3 Be6 12. Be3 Nbd7 13. g4 h6 14. Qd2 b5 15. O-O-O
Nb6 16. Qf2 Nc4 17. Bxc4 Bxc4 18. Na5 Be6 19. Nc6 Qc7 20. Nb4 Qb7 21. Nbd5 Rc8
22. Nxf6+ gxf6 23. Nd5 Be7 24. h4 b4 25. Kb1 a5 26. h5 b3 27. cxb3 Bxd5 28. Rxd5
Ra8 29. Qd2 a4 30. bxa4 Rxa4 31. Bxh6 Kd7 32. Rc1 Rd4 33. Rxd4 exd4 34. Bg7 Rh7
35. h6 Qb6 36. Qc2 Qb7 37. e5 Rxg7 38. hxg7 {Black resigns} 1-0

[Event "Team 45 45 League T28"]
[Site "Internet Chess Club"]
[Date "2005.09.28"]
[Round "2"]
[White "clarinetref"]
[Black "cayo89"]
[Result "1-0"]
[WhiteElo "1541"]
[BlackElo "1704"]
[TimeControl "2700+45"]

1. Nf3 d5 2. c4 c6 3. b3 e6 4. g3 Nf6 5. Bg2 Be7 6. Bb2 Qb6 7. O-O dxc4 8. Na3
cxb3 9. Nc4 Qd8 10. axb3 Nbd7 11. Ra2 Nb6 12. Nce5 h6 13. Qa1 a6 14. Rc1 Bd7 15.
Bd4 Nbd5 16. e4 Nb4 17. Ra3 O-O 18. Bc3 c5 19. d3 Bb5 20. Bf1 Nc6 21. Nc4 Nd4
22. Nxd4 cxd4 23. Bxd4 Bxc4 24. Rxc4 Bxa3 25. Qxa3 Rc8 26. Bc5 Re8 27. Rd4 Nd7
28. Bb4 Qc7 29. Qa4 Nf6 30. Bd6 Qc3 31. e5 Nd5 32. Rc4 Rxc4 33. Qxe8+ Kh7 34.
bxc4 {Black resigns} 1-0

[Event "Team 45 45 League T28"]
[Site "Internet Chess Club"]
[Date "2005.09.23"]
[Round "2"]
[White "JesterFox"]
[Black "Just-Jim"]
[Result "1-0"]
[WhiteElo "1550"]
[BlackElo "1369"]
[TimeControl "2700+45"]

1. c4 b6 2. d4 e5 3. dxe5 Bb7 4. Nf3 Bb4+ 5. Bd2 Bxd2+ 6. Qxd2 Ne7 7. Nc3 Na6 8.
e4 Nc5 9. Qc2 O-O 10. b4 Na6 11. a3 Ng6 12. Bd3 Re8 13. O-O Nxe5 14. Nxe5 Rxe5
15. Rad1 Qe7 16. f4 Rh5 17. Nd5 Qh4 18. h3 Bc8 19. Qf2 Qd8 20. f5 Qg5 21. Kh2 c6
22. Nf4 Rh6 23. Ne2 Qf6 24. Qf4 Rh4 25. Qg3 d6 26. Bc2 Nb8 27. Rxd6 Qe7 28. f6
Rg4 29. fxe7 Bd7 30. Qxg4 {Black resigns} 1-0

[Event "Team 45 45 League T28"]
[Site "Internet Chess Club"]
[Date "2005.09.26"]
[Round "2"]
[White "jientho"]
[Black "ogoon"]
[Result "1-0"]
[WhiteElo "1319"]
[BlackElo "1451"]
[TimeControl "2700+45"]

1. e4 e6 2. d4 d5 3. e5 c5 4. c3 Nc6 5. Nf3 Qb6 6. Be2 cxd4 7. cxd4 Bb4+ 8. Nc3
Bd7 9. Qd3 Nge7 10. O-O Nf5 11. a3 Be7 12. Rd1 f6 13. g4 Nh6 14. exf6 Bxf6 15.
g5 Bxd4 16. Nxd4 Nxd4 17. gxh6 Nf5 18. Nxd5 exd5 19. hxg7 Qg6+ 20. Kh1 Nxg7 21.
Qe3+ Qe6 22. Bg4 Qxe3 23. Bxd7+ Kxd7 24. Bxe3 Ke6 25. Re1 Kf5 26. Bd4 Kg6 27.
Re7 Nf5 28. Re6+ Kh5 29. Bxh8 Rxh8 30. Re5 Kg4 31. Rxd5 Rf8 32. Re1 Kf3 33. Kg1
Rg8+ 34. Kf1 Kf4 35. f3 Ne3+ 36. Rxe3 Kxe3 37. Rd7 Rf8 38. Rxb7 Rxf3+ 39. Kg2
Rf2+ 40. Kg3 Rf3+ 41. Kg2 Rf2+ 42. Kg1 h5 43. Re7+ Kf3 44. Rf7+ Ke3 45. Rxf2
{Black resigns} 1-0

[Event "Team 45 45 League T28"]
[Site "Internet Chess Club"]
[Date "2005.09.25"]
[Round "2"]
[White "kamu"]
[Black "Thersites"]
[Result "1/2-1/2"]
[WhiteElo "1663"]
[BlackElo "1666"]
[TimeControl "2700+45"]

1. d4 f5 2. c4 g6 3. Nc3 Bg7 4. Bf4 Nf6 5. Qd2 h6 6. Be5 d6 7. Bxf6 Bxf6 8. e4
a6 9. Nf3 Bg7 10. Nh4 g5 11. Nxf5 Bxf5 12. exf5 Nc6 13. d5 Nd4 14. Bd3 Qd7 15.
O-O-O Nxf5 16. Qc2 Rf8 17. Ne2 O-O-O 18. c5 dxc5 19. Qxc5 Qxd5 20. Bxf5+ Qxf5
21. Qa7 Rd6 22. Qa8+ Kd7 23. Rxd6+ exd6 24. Qxb7 Qc5+ 25. Kb1 Rxf2 26. Rc1 Qb6
27. Qxb6 cxb6 28. Nc3 Bxc3 29. Rxc3 Rxg2 30. Rh3 Rf2 31. Rxh6 Kc6 32. h4 gxh4
33. Rxh4 Kd5 34. Rh5+ Kd4 35. Rh4+ Kd3 36. Rh3+ Kd2 37. a3 Rf6 38. Rh2+ Kd3 39.
Rh3+ Kc4 40. b3+ Kc5 41. Kc2 d5 42. Kd3 a5 43. Kc3 Rf4 44. Rh5 Rf3+ 45. Kc2 Rf2+
46. Kc3 Rf3+ 47. Kc2 Rf2+ 48. Kc3 Rf3+ {Game drawn by repetition} 1/2-1/2 
nona(71): no

[Event "Team 45 45 League T28"]
[Site "Internet Chess Club"]
[Date "2005.09.23"]
[Round "2"]
[White "tammany"]
[Black "nanning"]
[Result "1-0"]
[WhiteElo "1506"]
[BlackElo "1614"]
[TimeControl "2700+45"]

1. e4 c5 2. Nf3 Nc6 3. c3 Nf6 4. e5 Nd5 5. Bc4 Nb6 6. Bb5 a6 7. Bxc6 dxc6 8. h3
c4 9. b3 Bf5 10. O-O e6 11. bxc4 Nxc4 12. d4 Be7 13. Nbd2 Bd3 14. Nxc4 Bxc4 15.
Re1 Qa5 16. Bd2 Rd8 17. Qc2 O-O 18. Bg5 Qc7 19. Bxe7 Qxe7 20. Nd2 b5 21. Ne4 Bd5
22. Nd6 Qg5 23. f3 Rd7 24. Qf2 f6 25. f4 Qg6 26. Re3 fxe5 27. dxe5 Qh6 28. Rf1
Bc4 29. Nxc4 bxc4 30. Rf3 Rd3 31. Kh2 g6 32. g3 Rfd8 33. Rxd3 Rxd3 34. Qc5 Rxc3
35. Rf2 Qf8 36. Qxc6 Qe7 37. Qxa6 Rc1 38. Rd2 {Black forfeits on time} 1-0

[Event "Team 45 45 League T28"]
[Site "Internet Chess Club"]
[Date "2005.09.23"]
[Round "2"]
[White "Trixi"]
[Black "dougmo"]
[Result "1-0"]
[WhiteElo "1498"]
[BlackElo "1485"]
[TimeControl "2700+45"]

1. e4 e6 2. d4 d5 3. exd5 exd5 4. Nf3 Nf6 5. Bd3 Be7 6. O-O O-O 7. Bg5 Bg4 8.
Nbd2 h6 9. Bh4 Nbd7 10. c3 c6 11. Qc2 Re8 12. Rae1 Qc7 13. Bg3 Bd6 14. Bxd6 Qxd6
15. h3 Bxf3 16. Nxf3 Qc7 17. Re3 Rxe3 18. fxe3 Re8 19. Re1 Ne4 20. Bxe4 dxe4 21.
Nd2 f5 22. Nc4 b5 23. Na3 Nf6 24. Qb3+ Kh8 25. c4 bxc4 26. Qxc4 Nd5 27. Nb5 cxb5
28. Qxd5 f4 29. exf4 Qxf4 30. Qxb5 Rf8 31. Qe2 Re8 32. Qf2 Qd6 33. b3 Rf8 34.
Qd2 Qd5 35. Qb4 Qf5 36. d5 Qf2+ 37. Kh1 e3 38. Kh2 e2 39. Rxe2 Qf4+ 40. Qxf4
Rxf4 41. Rd2 Rf7 42. d6 Rd7 43. Kg3 Kg8 44. Kf4 Kf7 45. Ke5 g6 46. Rf2+ Ke8 47.
Rf6 {Black resigns} 1-0

[Event "Team 45 45 League T28"]
[Site "Internet Chess Club"]
[Date "2005.09.25"]
[Round "2"]
[White "sdcohle"]
[Black "hotzoddy"]
[Result "1-0"]
[WhiteElo "1354"]
[BlackElo "1252"]
[TimeControl "2700+45"]

1. d4 Nf6 2. c4 d5 3. cxd5 Nxd5 4. e4 Nb6 5. Nf3 e6 6. Nc3 c6 7. Be2 Be7 8. O-O
O-O 9. e5 c5 10. Be3 cxd4 11. Bxd4 Nc6 12. Bxb6 Qxb6 13. Qc2 Qc5 14. Rad1 Nxe5
15. Nxe5 Qxe5 16. Bd3 g6 17. Rfe1 Qa5 18. Re2 a6 19. Rde1 Bd7 20. Re5 b5 21. a3
Rab8 22. Qd2 Qc7 23. Qe2 Bd6 24. Re3 Bxh2+ 25. Kh1 Bf4 26. Re4 Rfe8 27. g3 Bd6
28. Kg1 Re7 29. Qd2 Rbe8 30. Rh4 Bxg3 31. Rh3 Bxf2+ 32. Qxf2 Kg7 33. Qh4 Qc5+
34. Kf1 h5 35. Ne4 Qf5+ 36. Nf2 Qf6 37. Qg3 e5 38. Rxh5 e4 39. Bc2 e3 40. Rf5
Bxf5 41. Re2 Bxc2 42. Rxc2 e2+ 43. Ke1 Qe5 44. Qh3 Rc7 45. Ng4 Rh8 46. Nxe5 Rxh3
47. Rxc7 Kf6 48. Ng4+ Kg5 49. Nf2 Re3 50. Rc2 f5 51. Rxe2 Rxe2+ 52. Kxe2 Kf4 53.
Nh3+ Kg4 54. Ng1 g5 55. Kf2 a5 56. b3 f4 57. Ne2 f3 58. Ng1 Kf4 59. Nxf3 g4 60.
Nd4 b4 61. axb4 axb4 62. Nc2 Ke4 63. Nxb4 Kd4 64. Nc2+ Kc5 65. Kg3 Kb5 66. Kxg4
Kc5 67. Kf4 Kb5 68. Ke4 Kc5 69. b4+ Kb5 70. Kd4 Kb6 71. Kc4 Kb7 72. b5 Kb6 73.
Nd4 Kb7 74. Kc5 Kc7 75. b6+ Kb8 76. Kc6 Kc8 77. b7+ Kb8 78. Ne6 {Black resigns}
1-0

[Event "Team 45 45 League T28"]
[Site "Internet Chess Club"]
[Date "2005.09.27"]
[Round "2"]
[White "kikian"]
[Black "camembert"]
[Result "1-0"]
[WhiteElo "2066"]
[BlackElo "1870"]
[TimeControl "2700+45"]

1. e4 e5 2. Nf3 Nc6 3. c3 Nf6 4. d4 Nxe4 5. d5 Ne7 6. Nxe5 Ng6 7. Nc4 Bc5 8. Be3
Bxe3 9. Nxe3 O-O 10. Bd3 Qe7 11. Bxe4 Qxe4 12. d6 Re8 13. O-O cxd6 14. Qxd6 Re6
15. Qc7 Nf4 16. Nd2 Nh3+ 17. Kh1 Nxf2+ 18. Rxf2 Qxe3 19. Nc4 Qe1+ 20. Rf1 Qh4
21. Nd6 b6 22. Nxc8 Rc6 23. Qxd7 Rcxc8 24. Rxf7 Qg5 25. Raf1 Re8 26. R7f5 Rad8
27. Qxe8+ {Black resigns} 1-0

[Event "Team 45 45 League T28"]
[Site "Internet Chess Club"]
[Date "2005.09.24"]
[Round "2"]
[White "Stav"]
[Black "rjml"]
[Result "0-1"]
[WhiteElo "1686"]
[BlackElo "1790"]
[TimeControl "2700+45"]

1. d4 Nf6 2. Nf3 e6 3. Bg5 h6 4. Bh4 g5 5. Bg3 Ne4 6. Nbd2 Nxg3 7. hxg3 Bg7 8.
c3 d6 9. e4 Nc6 10. Be2 Bd7 11. Qb3 O-O 12. Nc4 b6 13. e5 b5 14. Ncd2 Rb8 15. a3
a5 16. Qc2 b4 17. exd6 cxd6 18. Ne4 bxc3 19. Nexg5 f5 20. Nh3 cxb2 21. Rb1 Qb6
22. O-O Qb3 23. Qxb3 Rxb3 24. a4 Nxd4 25. Nxd4 Bxd4 26. Rfd1 Rb4 27. Bb5 Bxb5
28. axb5 e5 29. Kf1 a4 30. Rd3 Ra8 31. Ra3 Rxb5 32. f4 Rb3 33. Ra2 a3 34. fxe5
dxe5 35. Nf2 Bxf2 36. Kxf2 Rc8 {White resigns} 0-1

[Event "Team 45 45 League T28"]
[Site "Internet Chess Club"]
[Date "2005.09.24"]
[Round "2"]
[White "Avedldesierto"]
[Black "RD1974"]
[Result "0-1"]
[WhiteElo "1664"]
[BlackElo "1749"]
[TimeControl "2700+45"]

1. e4 c5 2. Nf3 Nc6 3. Bb5 e6 4. d4 cxd4 5. Nxd4 Qb6 6. Bxc6 bxc6 7. b3 Bb4+ 8.
c3 Be7 9. Be3 Qc7 10. O-O Nf6 11. f3 Bd6 12. h3 Ba6 13. c4 Bc5 14. Nc2 Be7 15.
Nc3 h5 16. f4 h4 17. e5 Nh5 18. Ne4 Ng3 19. Nxg3 hxg3 20. Rf3 Bh4 21. Nd4 f6 22.
Qc2 Kf7 23. Ne2 Rag8 24. Nxg3 Bb7 25. Ne4 c5 26. g3 Ke7 27. gxh4 f5 28. Bxc5+
Kd8 29. Bd6 Qb6+ 30. c5 Qb4 31. c6 Qd4+ 32. Kg2 Bxc6 33. Rd1 Qxe4 34. Qxe4 Bxe4
35. Kg3 Bxf3 36. Kxf3 Rxh4 37. Kg3 Rgh8 38. Rh1 g5 39. fxg5 Ke8 40. Bc5 a6 41.
Be3 Re4 42. Bf4 Re2 43. Rh2 Re1 44. Rc2 Ke7 45. Rh2 Rd1 46. h4 Rc8 47. h5 Rc3+
48. Kh4 Rg1 49. h6 Kf7 50. Bd2 Rc2 51. Kh5 f4 52. Rf2 Rh1+ 53. Kg4 Kg6 54. Kxf4
Rh4+ 55. Kg3 Rxd2 56. Rxd2 Kxg5 57. Rxd7 Rxh6 58. Rd6 Kf5 59. Rxa6 Kxe5 60. Rc6
Kd5 61. Rc4 Rh1 62. Rc2 e5 63. Kf3 e4+ 64. Ke3 Rh3+ 65. Ke2 Ke5 66. Rc5+ Kf4 67.
Kf1 Rh2 68. a4 Rb2 69. Rc3 e3 70. a5 Kf3 71. Rc1 Rxb3 72. Ra1 Rb8 73. a6 Rh8 74.
Kg1 Rg8+ 75. Kf1 e2+ 76. Ke1 Rg1+ {White resigns} 0-1

[Event "Team 45 45 League T28"]
[Site "Internet Chess Club"]
[Date "2005.09.26"]
[Round "2"]
[White "Rainbird"]
[Black "Tomate"]
[Result "1/2-1/2"]
[WhiteElo "1615"]
[BlackElo "1390"]
[TimeControl "2700+45"]

1. Nf3 d5 2. c4 c6 3. g3 Bg4 4. Bg2 Bxf3 5. Bxf3 e5 6. cxd5 cxd5 7. Qb3 e4 8.
Qxb7 exf3 9. Qxa8 Bc5 10. Nc3 Nf6 11. e3 O-O 12. Qb7 Re8 13. Qb5 Nbd7 14. d4
Bxd4 15. Nxd5 Nxd5 16. Qxd5 Bb6 17. Qxf3 Ba5+ 18. Kf1 Ne5 19. Qe2 Nc6 20. Bd2
Qd5 21. f3 Nd4 22. exd4 Rxe2 23. Kxe2 Qc4+ 24. Ke3 Qe6+ 25. Kd3 Qa6+ {Game drawn
by mutual agreement} 1/2-1/2

[Event "Team 45 45 League T28"]
[Site "Internet Chess Club"]
[Date "2005.09.22"]
[Round "2"]
[White "knightstorm"]
[Black "MiroslavR"]
[Result "0-1"]
[WhiteElo "1841"]
[BlackElo "1973"]
[TimeControl "2700+45"]

1. c4 Nf6 2. g3 g6 3. Bg2 Bg7 4. Nc3 O-O 5. e4 d6 6. Nge2 a6 7. d4 e5 8. O-O
exd4 9. Nxd4 Nbd7 10. f4 Re8 11. Re1 Rb8 12. h3 c5 13. Nc2 Qc7 14. a4 b6 15. Ne3
Bb7 16. Ned5 Bxd5 17. Nxd5 Nxd5 18. exd5 Bd4+ 19. Kh2 Nf6 20. Ra2 Rxe1 21. Qxe1
Re8 22. Qf1 Qe7 23. b3 Qe1 24. Ba3 a5 25. Qxe1 Rxe1 26. Bf3 Rb1 27. Kg2 Rxb3 28.
Bc1 Rb1 29. Bd2 Rg1+ 30. Kh2 Rf1 31. Bg2 Rf2 {White resigns} 0-1

[Event "Team 45 45 League T28"]
[Site "Internet Chess Club"]
[Date "2005.09.26"]
[Round "2"]
[White "TheBogNug"]
[Black "rss"]
[Result "1-0"]
[WhiteElo "1843"]
[BlackElo "1776"]
[TimeControl "2700+45"]

1. c4 e6 2. g3 d5 3. Bg2 Nf6 4. d4 c6 5. Qc2 dxc4 6. Qxc4 Qb6 7. Nc3 Bd7 8. Nf3
Be7 9. O-O O-O 10. Rb1 Na6 11. Bd2 c5 12. d5 exd5 13. Nxd5 Nxd5 14. Qxd5 Be6 15.
Qe4 Rfe8 16. b3 Rad8 17. Ng5 Bxg5 18. Bxg5 Bd5 19. Bxd8 Bxe4 20. Bxb6 Bxg2 21.
Kxg2 axb6 22. Rfd1 Nb8 23. Rd6 Nc6 24. Rbd1 Kf8 25. e3 f6 26. Rd7 Re7 27. Rxe7
Kxe7 28. f4 b5 29. a4 b4 30. Kf3 Ke6 31. g4 g6 32. h4 h6 33. Ke4 f5+ 34. gxf5+
gxf5+ 35. Kf3 Na5 36. Rd3 Nc6 37. h5 b6 38. Ke2 Ke7 39. Kd2 Ke6 40. Kc2 Ke7 41.
Rd2 {Black resigns} 1-0

[Event "Team 45 45 League T28"]
[Site "Internet Chess Club"]
[Date "2005.09.24"]
[Round "2"]
[White "qs16"]
[Black "ears"]
[Result "0-1"]
[WhiteElo "1543"]
[BlackElo "1710"]
[TimeControl "2700+45"]

1. d4 g6 2. Nf3 Bg7 3. e4 d6 4. Nc3 c6 5. Bf4 e6 6. Be2 Ne7 7. O-O O-O 8. Re1 d5
9. Be5 Nd7 10. Bxg7 Kxg7 11. e5 Ng8 12. Bd3 a6 13. Ne2 b5 14. Ng3 c5 15. c3 Bb7
16. Rc1 c4 17. Bb1 Qe7 18. h4 h5 19. Nxh5+ gxh5 20. Ng5 Ndf6 21. exf6+ Nxf6 22.
Qc2 Rh8 23. Rxe6 fxe6 24. Qg6+ Kf8 25. Re1 Bc8 26. Bf5 Qg7 27. Nxe6+ Bxe6 {White
resigns} 0-1

[Event "Team 45 45 League T28"]
[Site "Internet Chess Club"]
[Date "2005.09.24"]
[Round "2"]
[White "clarnibass"]
[Black "hansolo1000"]
[Result "0-1"]
[WhiteElo "1676"]
[BlackElo "1568"]
[TimeControl "2700+45"]

1. e4 c5 2. Nc3 d6 3. f4 Nf6 4. Nf3 a6 5. a4 g6 6. Bc4 e6 7. Qe2 Bg7 8. d3 Nc6
9. h3 O-O 10. O-O d5 11. Bb3 Qb6 12. exd5 Nd4 13. Nxd4 cxd4 14. a5 Qd8 15. dxe6
Bxe6 16. Bxe6 dxc3 17. Bc4 Nh5 18. bxc3 Ng3 19. Qf2 Nxf1 20. Bb2 Qc7 21. Qxf1 b5
22. Bb3 Bxc3 23. Bxc3 Qxc3 24. g3 Rae8 25. Kg2 Re3 26. h4 Rfe8 27. Kh3 Qc8+ 28.
Kh2 Qg4 29. Qg1 Re2+ {White resigns} 0-1